 Dungeon Crawl Stone Soup version 0.30-a0-1176-gcdfb0321a8 (webtiles) character file.

Game seed: 17902602133041222300

170 Gargoyl the Trooper (level 5, 0/34 HPs)
             Began as a Gargoyle Berserker on Apr 30, 2023.
             Was a Believer of Trog.
             Slain by a gnoll bouda
             ... wielding a +0 whip
              (6 damage)
             ... on level 4 of the Dungeon.
             The game lasted 00:02:39 (2342 turns).

Gargoyl the Trooper (Gargoyle Berserker)            Turns: 2342, Time: 00:02:40

Health: 0/34       AC:  6    Str: 21    XL:     5   Next: 51%
Magic:  5/5        EV: 12    Int:  7    God:    Trog [**....]
Gold:   57         SH:  0    Dex: 11    Spells: 4/4 levels left

rFire   + . .        a - +1 hand axe
rCold   + . .        (no shield)
rNeg    + . .        b - +0 animal skin
rPois   ∞            (no helmet)
rElec   +            c - scarf {rC+ rF+}
rCorr   .            (no gloves)
SInv    .            (no boots)
Will    ++...        (no amulet)
Stlth   ++           (no ring)
HPRegen 1.25/turn    (no ring)
MPRegen 0.09/turn

%: no passive effects
@: strong-willed (expiring), on berserk cooldown, regenerating (expiring),
slowed, very slow
A: sickness immunity, AC +4, negative energy resistance 1, electricity
resistance, torment resistance 1, petrification resistance
a: Renounce Religion, Berserk, Trog's Hand


You were on level 4 of the Dungeon.
You worshipped Trog.
Trog was pleased with you.
You visited 1 branch of the dungeon, and saw 4 of its levels.

You collected 57 gold pieces.

Inventory:

Hand Weapons
 a - a +1 hand axe (weapon)
Missiles
 h - 7 poisoned darts (quivered)
Armour
 b - a +0 animal skin (worn)
 c - a scarf of resistance (worn)
Jewellery
 i - a ring of willpower
 k - a +4 ring of protection
Wands
 l - a wand of paralysis (15)
Scrolls
 j - a scroll of fear
Potions
 d - a potion of cancellation {unknown}
 e - a potion of berserk rage {unknown}
 f - 3 potions of might {unknown}
 g - a potion of lignification {unknown}


   Skills:
 + Level 4.5 Fighting
 + Level 4.1 Axes
 + Level 2.5 Armour
 + Level 2.0 Dodging
 + Level 1.7 Stealth


You had 4 spell levels left.
You didn't know any spells.
Your spell library was empty.

Dungeon Overview and Level Annotations

Branches:
Dungeon (4/15)
 Temple: D:4-7

Altars:
Vehumet
Zin

Shops:
D:4 (


Innate Abilities, Weirdness & Mutations

You are immune to sickness and miasma.
Your stone body is resilient. (AC +4)
You are immune to poison.
You resist negative energy. (rN+)
You are resistant to electric shocks. (rElec)
You are resistant to unholy torment.
You are immune to petrification.


Message History

Unknown command.
You barely miss the gnoll. The gnoll hits you with a +0 halberd!
Unknown command.
You slash the gnoll!
The gnoll is severely wounded.
You slash the gnoll!
You kill the gnoll!
Trog accepts your kill.
You hit the gnoll bouda.
The gnoll bouda is moderately wounded.
The gnoll bouda misses you.
You completely miss the gnoll bouda.
The gnoll bouda is moderately wounded.
The gnoll barely misses you.
The gnoll bouda hits you with a +0 whip.
You hit the gnoll bouda.
The gnoll bouda is heavily wounded.
The gnoll hits you from afar with a +0 halberd.
The gnoll bouda completely misses you.
Unknown command.
You hit the gnoll bouda but do no damage.
The gnoll bouda is heavily wounded.
You are no longer berserk.
You are exhausted.
You feel yourself slow down. The gnoll hits you but does no damage.
Unknown command.
Unknown command.
You barely miss the gnoll bouda.
The gnoll bouda is heavily wounded.
Your attacks no longer feel as feeble.
You feel the effects of Trog's Hand fading.
The gnoll bouda hits you with a +0 whip!
The gnoll closely misses you. The gnoll bouda barely misses you.
You closely miss the gnoll bouda.
The gnoll bouda is heavily wounded.
The gnoll hits you from afar with a +0 halberd!
* * * LOW HITPOINT WARNING * * *
The gnoll bouda barely misses you. The gnoll barely misses you.
The gnoll bouda hits you with a +0 whip.
You die...

.......##.......#
...(...##.###.#.#####
.......##.#.........#
............#.#.###.###
.......##.#............
.......##.......###.###
.......####.....# .†.....#
#....####.#### ##.#####
#.....@gg..... #.#
###.######.### .# #.# #. #. .#
##.# ##+# #.###.# .#.# ##...##
#..<#.# ...## ##.....## #
####.#.# ....##
##.......###.##.##∩#.#
.....####.........##.#...#.#.#
........+....................#


You could see a gnoll bouda and a gnoll (swift).

Vanquished Creatures
  A scorpion (D:4)
  A hound (D:4)
  An adder (D:3)
  2 gnolls (D:4)
  An ufetubus (D:4)
  A worm (D:2)
  3 dart slugs
  2 orcs
  4 endoplasms
  3 giant cockroaches
  5 goblins
  2 hobgoblins
  4 kobolds (D:2)
  A quokka (D:4)
  3 ball pythons
  2 bats
  A frilled lizard (D:2)
  3 rats
40 creatures vanquished.

Vanquished Creatures (others)
  3 plants (D:2)
3 creatures vanquished.

Grand Total: 43 creatures vanquished

Notes
Turn   | Place    | Note
-------+----------+-------------------------------------------
     0 | D:1      | Gargoyl the Gargoyle Berserker began the quest for the Orb.
     0 | D:1      | Reached XP level 1. HP: 14/14 MP: 1/1
   166 | D:1      | Reached XP level 2. HP: 16/19 MP: 2/2
   764 | D:2      | Reached XP level 3. HP: 24/24 MP: 3/3
  1439 | D:3      | Found a radiant altar of Vehumet.
  1439 | D:3      | Found a glowing silver altar of Zin.
  1695 | D:3      | Reached ** piety under Trog
  1936 | D:4      | Found Duniwau's Weapon Shoppe.
  1960 | D:4      | Noticed a scorpion
  1971 | D:4      | Reached skill level 1 in Stealth
  1971 | D:4      | Reached XP level 4. HP: 17/29 MP: 4/4
  1975 | D:4      | Killed a scorpion
  1976 | D:4      | Reached XP level 5. HP: 18/34 MP: 5/5
  2342 | D:4      | Slain by a gnoll bouda

Illustrated notes

Levels and vault maps discovered:
D:1:      minmay_arrival_wavy_path, layout_basic
D:2:      cheibrodos_old_hovel, layout_loops_ring,
          amcnicky_mini_rare_corridor_liquid
D:3:      layout_rooms, mainiacjoe_overflow_large_starburst
D:4:      minmay_inner_zag, layout_loops_corners, serial_shops, shop

Skill      XL: |  1  2  3  4  5 |
---------------+----------------+-----
Axes           | 3 4 |  4.1
Fighting       | 4 |  4.5
Stealth        | 1 |  1.7
Dodging        | 2 |  2.0
Armour         | |  2.5

Action                     |  1- 3 |  4- 6 || total
---------------------------+-------+-------++-------
  Melee: Hand axe          |   111 |    40 ||   151
         Punch             |     1 |       ||     1
 Invoke: Berserk           |     2 |     1 ||     3
         Trog's Hand       |       |     1 ||     1
    Use: Scroll            |     4 |     3 ||     7
   Stab: Sleeping          |     1 |     2 ||     3
 Armour: Animal skin       |    46 |    12 ||    58
  Dodge: Dodged            |    65 |    24 ||    89

Table legend: (Time is in decaauts)
 A = Elapsed time spent in this place.
 B = Non-inter-level travel time spent in this place.
 C = Inter-level travel time spent in this place.
 D = Time resting spent in this place.
 E = Time spent auto-exploring this place.
 F = Levels seen in this place.
 G = Mean time per level.
                   A        B        C        D        E       F      G
               +--------+--------+--------+--------+--------+-----+--------+
         Total |   2374 |   2268 |    106 |     27 |   1809 |   4 |  593.5 |
       Dungeon |   2374 |   2268 |    106 |     27 |   1809 |   4 |  593.5 |
               +--------+--------+--------+--------+--------+-----+--------+

Top non-repeatable levels by time:
     D:2: 800 daAuts
     D:1: 632 daAuts
     D:3: 524 daAuts
     D:4: 417 daAuts
